 Dungeon Crawl Stone Soup version 0.30-a0-857-gcaf70739d4 (webtiles) character file.

Game seed: 1943301954328230918

49 KleinerIrrer the Gusty (level 3, -4/19 HPs)
             Began as a Tengu Air Elementalist on Mar 5, 2023.
             Slain by a gnoll
             ... wielding a +0 flail
              (6 damage)
             ... on level 2 of the Dungeon.
             The game lasted 00:02:52 (1402 turns).

KleinerIrrer the Gusty (Tengu Air Elementalist)     Turns: 1402, Time: 00:02:52

Health: -4/19      AC:  3    Str:  8    XL:     3   Next: 77%
Magic:  8/8        EV: 11    Int: 17    God:
Gold:   39         SH:  0    Dex: 14    Spells: 6/7 levels left

rFire   . . .      SeeInvis .    e - +0 spear
rCold   . . .      Faith    .    (no shield)
rNeg    . . .      Spirit   .    j - +0 leather armour
rPois   .          Reflect  .    (helmet restricted)
rElec   .          Rampage  .    (no cloak)
rCorr   .                        (no gloves)
Will    .....                    (boots unavailable)
Stlth   ++                       (no amulet)
HPRegen 0.23/turn                (no ring)
MPRegen 0.11/turn                (no ring)

@: no status effects
A: beak, talons 3
a: no special abilities


You were on level 2 of the Dungeon.
You visited 1 branch of the dungeon, and saw 2 of its levels.

You collected 39 gold pieces.

Inventory:

Hand Weapons
 e - a +0 spear (weapon)
Armour
 j - a +0 leather armour (worn)
Scrolls
 a - 2 scrolls of noise {unknown}
 c - 3 scrolls of blinking {unknown}
 d - 2 scrolls of identify {unknown}
 h - a scroll of fear {unknown}
 k - a scroll of enchant weapon {unknown}
Potions
 f - 3 potions of mutation {unknown}
 g - 2 potions of curing {unknown}
 i - a potion of degeneration {unknown}


   Skills:
 - Level 2.1 Dodging
 - Level 2.0 Stealth
 + Level 2.6 Spellcasting
 + Level 2.9 Conjurations
 + Level 4.8 Air Magic


You had 6 spell levels left.
You knew the following spells:

 Your Spells              Type           Power      Damage    Failure   Level
a - Shock                 Conj/Air       60%        1d6       5%          1

Your spell library contained the following spells:

 Spells                   Type           Power      Damage    Failure   Level
 Static Discharge         Conj/Air       30%        2-4/arc   9%          2
 Swiftness                Air            18%        N/A       11%         3
 Airstrike                Air            9%         2d(2-18)  36%         4
 Inner Flame              Hex/Fire       2%         N/A       61%         3
 Tukima's Dance           Hex            2%         N/A       61%         3
 Cause Fear               Hex            1%         N/A       95%         4
 Passage of Golubria      Tloc           2%         N/A       95%         4
 Yara's Violent Unravell  Hex/Tmut       1%         3d3       100%        5
 Discord                  Hex            1%         N/A       100%        8


Dungeon Overview and Level Annotations

Branches:
Dungeon (2/15)

Altars:


Innate Abilities, Weirdness & Mutations

You have a beak for a mouth.
You have claws for feet.


Message History

Aiming: Shock (safe; 6% risk of failure)
Press: ? - help, Shift-Dir - straight line, f/p - gnoll
Aim: a gnoll, wielding a +0 club (heavily wounded, 75% to hit)
The zap hits the gnoll.
The gnoll is almost dead.
The zap hits the gnoll.
The gnoll is lightly wounded.
Casting: Shock (safe; 6% risk of failure)
Confirm with . or Enter, or press ? or * to list all spells.
Aiming: Shock (safe; 6% risk of failure)
Press: ? - help, Shift-Dir - straight line, f/p - gnoll
Aim: a gnoll, wielding a +0 club (almost dead, 75% to hit)
The zap hits the gnoll.
You kill the gnoll!
The zap hits the gnoll.
The gnoll is moderately wounded.
Casting: Shock (safe; 5% risk of failure)
Confirm with . or Enter, or press ? or * to list all spells.
Aiming: Shock (safe; 5% risk of failure)
Press: ? - help, Shift-Dir - straight line, f - gnoll
Aim: a gnoll, wielding a +0 flail (moderately wounded, 75% to hit)
The zap hits the gnoll.
The gnoll is heavily wounded.
Casting: Shock (safe; 5% risk of failure)
Confirm with . or Enter, or press ? or * to list all spells.
Aiming: Shock (safe; 5% risk of failure)
Press: ? - help, Shift-Dir - straight line, p - gnoll The zap misses the gnoll.
The zap hits the gnoll.
The gnoll is severely wounded.
The gnoll hits you with a +0 flail.
A gnoll comes into view. It is wielding a +0 halberd.
The gnoll shouts!
You hit the gnoll. You peck the gnoll, but do no damage.
The gnoll is almost dead.
The gnoll hits you with a +0 flail!
You are too injured to fight recklessly!
The gnoll attacks as you move away! The gnoll hits you with a +0 flail.
* * * LOW HITPOINT WARNING * * *
Magic courses through your body. The gnoll hits you with a +0 flail.
You die...

#.#.#.#####....#w#
#.#.#..........#.#
#.#..........#.#.#
#.##########.#.#.#
#.#............#.#
#.#.########.###.#
###.#.#...........†#######
####...#.#.######.###..†.....
#........# #.g@.....#.######..
#.##)##### #.########'#.......
#.##.#...#.#)# #.....#
#.#..#.#.#.#.# #..........
###.#..#.#.#.#)# #.......†.#
....(..#.#.#.#.# #..........
###....#.#.#.#g# ##.#......#
.......#.#.#.#.##### #.#.#.>...
.........#.#.....g.####.######..


You could see a gnoll.

Vanquished Creatures
  2 gnolls (D:2)
  2 worms (D:2)
  A dart slug (D:1)
  2 endoplasms (D:1)
  A giant cockroach (D:1)
  2 hobgoblins (D:1)
  7 jackals
  A quokka (D:1)
  A ball python (D:2)
  A bat (D:1)
  A rat (D:2)
21 creatures vanquished.

Notes
Turn   | Place    | Note
-------+----------+-------------------------------------------
     0 | D:1      | KleinerIrrer the Tengu Air Elementalist began the quest for
                  | the Orb.
     0 | D:1      | Reached XP level 1. HP: 10/10 MP: 4/4
   199 | D:1      | Reached XP level 2. HP: 15/15 MP: 0/6
  1058 | D:2      | Reached XP level 3. HP: 19/19 MP: 4/7
  1402 | D:2      | Slain by a gnoll

Illustrated notes

Levels and vault maps discovered:
D:1:      saegor_arrival_miasma, layout_basic, fountainhead, minivault_14,
          minmay_octomino_e4
D:2:      layout_basic, grunt_ministairs_15

Skill      XL: |  1  2 |
---------------+-------+-----
Conjurations   | 2 |  2.9
Dodging        | |  2.1
Stealth        | |  2.0
Spellcasting   | |  2.6
Air Magic      | |  4.8

Action                     || total
---------------------------++-------
  Melee: Spear             ||    37
         Kick              ||     3
         Peck              ||     2
   Cast: Shock             ||    52
    Use: Potion            ||     1
 Armour: Leather armour    ||     3
  Dodge: Dodged            ||     6

Table legend: (Time is in decaauts)
 A = Elapsed time spent in this place.
 B = Non-inter-level travel time spent in this place.
 C = Inter-level travel time spent in this place.
 D = Time resting spent in this place.
 E = Time spent auto-exploring this place.
 F = Levels seen in this place.
 G = Mean time per level.
                   A        B        C        D        E       F      G
               +--------+--------+--------+--------+--------+-----+--------+
         Total |   1404 |   1382 |     22 |      4 |   1124 |   2 |  702.0 |
       Dungeon |   1404 |   1382 |     22 |      4 |   1124 |   2 |  702.0 |
               +--------+--------+--------+--------+--------+-----+--------+

Top non-repeatable levels by time:
     D:1: 913 daAuts
     D:2: 491 daAuts
